 Dungeon Crawl Stone Soup version 0.26-a0-466-g989023bd0d (webtiles) character file.

Game seed: 13084387682655016715

93501 mortelune the Fighter (level 16, -8/134 HPs)
             Began as a Formicid Abyssal Knight on Aug 2, 2020.
             Was the Champion of Lugonu.
             Mangled by a sun demon (18 damage)
             ... summoned by an orc sorcerer
             ... on level 2 of the Orcish Mines.
             The game lasted 01:10:22 (33856 turns).

mortelune the Fighter (Formicid Abyssal Knight)    Turns: 33856, Time: 01:10:23

Health: -8/134     AC: 17    Str: 23      XL:     16   Next: 57%
Magic:  1/26       EV: 13    Int: 10 (12) God:    Lugonu [******]
Gold:   1456       SH: 12    Dex: 11      Spells: 15/15 levels left

rFire    . . .     SeeInvis +   a - +3 great sword (vamp)
rCold    . . .     Faith    .   K - +0 kite shield
rNeg     . . .     Spirit   .   y - +4 chain mail {rPois}
rPois    +         Reflect  .   (helmet unavailable)
rElec    .         Harm     .   R - +2 cloak
rCorr    .                      M - +0 pair of gloves
MR       +....                  L - +0 pair of boots
Stlth    ..........             (no amulet)
HPRegen  0.32/turn              l - +4 ring of evasion
MPRegen  0.20/turn              P - +4 ring of protection

@: weakened, corroded
A: permanent stasis, dig shafts and tunnels, four strong arms, antennae 3
a: Dig, Shaft Self, Depart the Abyss, Bend Space, Banish, Corrupt, Enter the
Abyss, Brand Weapon With Distortion, Renounce Religion


You were on level 2 of the Orcish Mines.
You worshipped Lugonu.
Lugonu was exalted by your worship.
You visited 3 branches of the dungeon, and saw 22 of its levels.
You visited the Abyss 1 time.

You collected 2482 gold pieces.
You spent 1026 gold pieces at shops.

Inventory:

Hand Weapons
 a - a +3 vampiric great sword (weapon)
 b - the +8 hunting sling of Hell's Wrath {vorpal, Str+4 Int+2}
   (You bought it in a shop on level 12 of the Dungeon)

   Any stone fired from it inflicts extra damage.
   It affects your strength (+4).
   It affects your intelligence (+2).
 C - a +3 dire flail of holy wrath
 N - the +8 whip "Snakebite" {curare, rPois}
   (You found it on level 3 of the Lair of Beasts)

   It poisons the flesh of those it strikes.
   It protects you from poison.
Missiles
 Q - 638 stones (quivered)
Armour
 k - a +2 chain mail of fire resistance
 u - +0 acid dragon scales
 y - a +4 chain mail of poison resistance (worn)
 K - a +0 kite shield (worn)
 L - a +0 pair of boots (worn)
 M - a +0 pair of gloves (worn)
 R - a +2 cloak (worn)
Jewellery
 c - an uncursed ring of stealth
 i - an uncursed ring of ice {unknown}
 l - a +4 ring of evasion (left hand)
 o - a +6 ring of dexterity
 t - an uncursed ring of flight
 F - an uncursed ring of attention
 I - an uncursed ring of protection from cold
 P - a +4 ring of protection (right hand)
 V - an uncursed ring of fire
 W - an uncursed ring of wizardry
Wands
 g - a wand of clouds (7)
 z - a wand of flame (91)
 D - a wand of digging (11)
 H - a wand of polymorph (7)
 U - a wand of paralysis (6)
 Y - a wand of random effects (10)
Scrolls
 e - a scroll of fear
 f - 4 scrolls of fog
 j - 6 scrolls of amnesia
 q - 3 scrolls of enchant weapon
 s - 9 scrolls of remove curse
 w - 4 scrolls of immolation
 G - 8 scrolls of enchant armour
Potions
 d - 2 potions of ambrosia
 h - 3 potions of stabbing
 m - 2 potions of invisibility
 n - a potion of mutation
 p - 8 potions of brilliance
 r - 10 potions of curing
 v - 5 potions of might
 x - 2 potions of heal wounds
 A - a potion of cancellation
 E - a potion of lignification
 J - 2 potions of flight
 S - a potion of berserk rage
 X - a potion of resistance
Miscellaneous
 T - a lightning rod (4/4)


   Skills:
 + Level 14.8 Fighting
 + Level 14.2 Long Blades
 - Level 8.1 Maces & Flails
 + Level 5.1 Slings
 - Level 10.0 Armour
 - Level 3.2 Dodging
 + Level 11.6 Shields
 - Level 14.0 Invocations


You had 15 spell levels left.
You didn't know any spells.
Your spell library contained the following spells:

 Spells                   Type           Power        Failure   Level
 Sandblast                Erth           #.....       91%         1
 Sting                    Tmut/Pois      #...         91%         1
 Passwall                 Tmut/Erth      #.......     97%         2
 Poisonous Vapours        Pois/Air       #.....       97%         2
 Ignite Poison            Fire/Tmut/Pois #.......     100%        3
 Mephitic Cloud           Conj/Pois/Air  #.......     100%        3
 Stone Arrow              Conj/Erth      #.....       100%        3
 Olgreb's Toxic Radiance  Pois           #.......     100%        4
 Petrify                  Tmut/Erth      #.......     100%        4
 Summon Lightning Spire   Summ/Air       #.......     100%        4
 Lee's Rapid Deconstruct  Erth           #.........   100%        5
 Silence                  Hex/Air        #.........   100%        5
 Conjure Ball Lightning   Conj/Air       #.........   100%        6
 Tornado                  Air            #.........   100%        9


Dungeon Overview and Level Annotations

Branches:
Dungeon (14/15)            Temple (0/1) D:7            Lair (6/6) D:11
  Swamp (0/4) Lair:4        Snake (0/4) Lair:3        Slime (0/5) Lair:6
    Orc (2/2) D:9             Elf (0/3) Orc:2        Vaults (0/5) D:13

Altars:
Cheibriados
Hepliaklqana
Makhleb
Nemelex Xobeh
Sif Muna
Trog
Vehumet
Wu Jian
Xom
Yredelemnul
Zin
The Shining One

Shops:
D:11 ?   D:12 (   Orc:2 *?

Portals:
Hell: Lair:6
Trove: D:10 (give +2 gold dragon scales)

Annotations:
D:6 5 runed translucent doors
D:13 corrupted, 1 runed translucent door, Yorgos's ghost, journeyman DsGl
Lair:1 exclusion: oklob plant
Lair:2 exclusion: oklob plant
Lair:6 3 runed translucent doors, kal9871's ghost, journeyman TrFi


Innate Abilities, Weirdness & Mutations

You cannot be hasted, slowed, berserked, paralysed or teleported.
You can dig through walls and to a lower floor.
Your four strong arms can wield two-handed weapons with a shield.
You have a pair of large antennae on your head. (SInv)


Message History

The orc sorcerer hits you but does no damage.
The sun demon hits you but does no damage.
You slash the orc sorcerer!
The orc sorcerer is heavily wounded.
The orc sorcerer hits you but does no damage.
You block the sun demon's attack.
You barely miss the orc sorcerer.
The orc sorcerer is heavily wounded.
The orc sorcerer misses you. You block the sun demon's attack.
You barely miss the orc sorcerer.
The orc sorcerer is heavily wounded.
The orc sorcerer hits you but does no damage.
The sun demon hits you but does no damage.
You closely miss the orc sorcerer.
The orc sorcerer is moderately wounded.
The sun demon hits you but does no damage.
You block the orc sorcerer's attack. The sun demon hits you!
* * * LOW HITPOINT WARNING * * *
You are engulfed in flames!!
You die...

..##....#.......................#
.#.##....#......................#
.....4.........#...##..#.##.#....
.....3........###..##########>..#
......5......#####..## ##.##
...#.#o.....###.###..## ###
..####{....###(.§###..## .##
##..### #o#.###[[## ## #..#
#.§§#@3.###..## #
#####..4###)..###..## #..(#
##...###[[## #..(# ##.....[..##
(.(# ##...#.(..## #.#
##....#...## (. { {{ {
##.....#.∩## { { {{{{##.)#.....#
{ {{ { ##..)..#.∩##


You could see a sun demon (summoned) and an orc sorcerer.

Vanquished Creatures
  An orc warlord (Orc:1)
  A dire elephant (Lair:6)
  Snorg (D:12)
  Josephine (D:13)
  A vault guard (D:12)
  3 hydras (Lair:6)
  3 centaur warriors (D:13)
  2 tengu warriors (D:14)
  2 two-headed ogres
  An orc high priest (Orc:2)
  Sonja (Lair:5)
  A sixfirhy (Lair:6)
  3 unseen horrors (D:14)
  A wizard (Lair:6)
  8 orc knights
  2 orc sorcerers
  3 slime creatures
  2 manticores
  7 elephants
  A rust devil (Orc:2)
  3 black mambas
  A guardian serpent (Lair:3)
  2 smoke demons
  7 cane toads
  2 orange demons (Lair:6)
  A torpor snail (Lair:6)
  6 rime drakes
  13 komodo dragons
  5 ice devils
  A redback zombie (D:14)
  14 trolls
  A red devil (Orc:2)
  3 hornets
  A wind drake (shapeshifter) (D:14)
  21 blink frogs
  15 dream sheep
  2 bog bodies (Lair:4)
  13 hippogriffs
  6 wyverns
  Sigmund (D:5)
  A shadow (D:12)
  7 wraiths
  A ynoxinul (Orc:1)
  42 yaks
  6 basilisks
  A steam dragon (D:13)
  10 vampire mosquitoes
  6 wargs
  An acid dragon (D:13)
  13 water moccasins
  Edmund (D:5)
  A swamp worm (Lair:4)
  4 hell hounds (Lair:6)
  14 porcupines
  Duvessa (D:5)
  33 orc warriors
  2 ice beasts
  5 sky beasts
  A necrophage (D:12)
  4 black bears (D:11)
  A phantom (D:9)
  2 eyes of draining
  11 wolves
  17 centaurs
  12 ogres
  13 crocodiles
  Blork the orc (D:6)
  22 bullfrogs
  A scorpion (D:11)
  Dowan (D:5)
  14 killer bees
  5 wights
  4 electric eels
  3 howler monkeys
  2 bullfrog zombies
  22 orc priests
  Crazy Yiuf (D:5)
  6 hounds
  5 jellies
  2 quasits
  5 centaur skeletons
  Ijyb (D:5)
  4 bullfrog skeletons
  19 orc wizards
  14 worker ants
  6 iguanas
  A hound skeleton (D:7)
  19 adders
  2 shadow imps
  6 white imps
  An ooze (D:5)
  2 ufetubi
  4 worms
  13 leopard geckos
  72 orcs
  6 giant cockroaches
  2 gnoll zombies (D:9)
  6 goblins
  13 hobgoblins
  7 jackals
  11 kobolds
  12 quokkas
  7 bats
  7 frilled lizards
  A jackal skeleton (D:6)
  A jackal zombie (D:5)
  6 rats
710 creatures vanquished.

Vanquished Creatures (others)
  7 vault guards (D:13)
  5 hydras
  2 centaur warriors
  3 two-headed ogres
  A tengu warrior (D:14)
  An orc high priest (Orc:2)
  A rust devil (Orc:2)
  An orange demon (Orc:2)
  2 slime creatures (D:14)
  A wraith (D:13)
  2 orc warriors (Orc:2)
  A crocodile (D:7)
  A wight (D:14)
  51 fungi
  13 plants
  2 starspawn tentacles (D:13)
94 creatures vanquished.

Grand Total: 804 creatures vanquished

Notes
Turn   | Place    | Note
-------+----------+-------------------------------------------
     0 | Abyss:1  | mortelune the Formicid Abyssal Knight began the quest for
                  | the Orb.
     0 | Abyss:1  | Reached XP level 1. HP: 18/18 MP: 2/2
    37 | Abyss:1  | Noticed an ancient lich
    39 | D:1      | Escaped the Abyss
   338 | D:1      | Reached * piety under Lugonu
   367 | D:1      | Reached XP level 2. HP: 18/24 MP: 3/3
   721 | D:1      | Reached XP level 3. HP: 30/30 MP: 4/4
  1601 | D:2      | Reached ** piety under Lugonu
  1621 | D:2      | Reached XP level 4. HP: 33/37 MP: 5/5
  1988 | D:2      | Found a snail-covered altar of Cheibriados.
  2056 | D:2      | Found a shimmering altar of Xom.
  2057 | D:2      | Found a hazy altar of Hepliaklqana.
  2058 | D:2      | Noticed a spectral ugly thing
  2786 | D:3      | Reached XP level 5. HP: 41/42 MP: 6/6
  3809 | D:4      | Noticed an ogre
  3818 | D:4      | Killed an ogre
  3818 | D:4      | Reached XP level 6. HP: 19/49 MP: 7/7
  4065 | D:4      | Reached skill level 5 in Long Blades
  4288 | D:4      | Found a sparkling altar of Nemelex Xobeh.
  4319 | D:4      | Reached skill level 5 in Fighting
  4442 | D:4      | Reached XP level 7. HP: 50/56 MP: 8/8
  4528 | D:5      | Entered Level 5 of the Dungeon
  4636 | D:5      | Noticed Edmund
  4636 | D:5      | Noticed Sigmund
  4637 | D:5      | Noticed Duvessa
  4992 | D:5      | Reached *** piety under Lugonu
  5043 | D:5      | Noticed Dowan
  5056 | D:5      | Killed Duvessa
  5056 | D:5      | Reached XP level 8. HP: 57/64 MP: 9/9
  5062 | D:5      | Killed Dowan
  5150 | D:5      | Found a runed translucent door.
  5151 | D:5      | Noticed Crazy Yiuf
  5190 | D:5      | Killed Crazy Yiuf
  5441 | D:5      | Noticed Ijyb
  5451 | D:5      | Killed Ijyb
  5526 | D:5      | Found a bloodstained altar of Trog.
  5547 | D:5      | Reached skill level 5 in Armour
  5691 | D:5      | Killed Edmund
  5698 | D:5      | Killed Sigmund
  5698 | D:5      | Reached XP level 9. HP: 44/71 MP: 10/12
  6861 | D:6      | Found the +9 staff of Olgreb {rPois∞}
  6907 | D:6      | Found a runed translucent door.
  6979 | D:6      | Found a glowing golden altar of the Shining One.
  6980 | D:6      | Found an ornate altar of the Wu Jian Council.
  6981 | D:6      | Found a glowing silver altar of Zin.
  6983 | D:6      | Found a shimmering blue altar of Sif Muna.
  7545 | D:6      | Noticed Blork the orc
  7554 | D:6      | Killed Blork the orc
  7554 | D:6      | Reached skill level 5 in Invocations
  7684 | D:6      | Found a runed translucent gate.
  7731 | D:6      | Found a runed translucent door.
  7743 | D:6      | Found a runed translucent gate.
  7743 | D:6      | Found a runed translucent gate.
  8238 | D:7      | Reached **** piety under Lugonu
  8240 | D:7      | Found a radiant altar of Vehumet.
  8772 | D:7      | Reached XP level 10. HP: 73/79 MP: 14/14
  8811 | D:7      | Found a staircase to the Ecumenical Temple.
  9315 | D:8      | Noticed a two-headed ogre
  9321 | D:8      | Banished a two-headed ogre
  9697 | D:8      | Noticed a two-headed ogre
  9699 | D:8      | Banished a two-headed ogre
  9699 | D:8      | Reached skill level 10 in Long Blades
 10450 | D:9      | Found a staircase to the Orcish Mines.
 10689 | D:9      | Found a shimmering altar of Xom.
 10935 | D:9      | Found a basalt altar of Yredelemnul.
 11251 | D:9      | Reached XP level 11. HP: 87/87 MP: 16/16
 11984 | D:10     | Entered Level 10 of the Dungeon
 12585 | D:10     | Reached skill level 10 in Fighting
 12585 | D:10     | Reached XP level 12. HP: 91/98 MP: 17/19
 12651 | D:10     | Found a portal to a secret trove of treasure.
 12776 | D:10     | Reached ***** piety under Lugonu
 12785 | D:10     | Noticed a two-headed ogre
 12803 | D:10     | Killed a two-headed ogre
 12803 | D:10     | Reached skill level 10 in Invocations
 12945 | D:10     | Reached skill level 10 in Armour
 13066 | D:10     | Reached skill level 1 in Dodging
 14660 | D:11     | Noticed a two-headed ogre
 14662 | D:11     | Banished a two-headed ogre
 15186 | D:11     | Noticed a four-headed hydra
 15192 | D:11     | Banished a four-headed hydra
 15221 | D:11     | Found a staircase to the Lair.
 15644 | D:11     | Found Ynenan's Magic Scroll Shoppe.
 15649 | D:11     | Bought a scroll of identify for 28 gold pieces
 15649 | D:11     | Bought a scroll of identify for 28 gold pieces
 15649 | D:11     | Bought a scroll of identify for 28 gold pieces
 15649 | D:11     | Bought a scroll of fog for 28 gold pieces
 15649 | D:11     | Bought a scroll of magic mapping for 49 gold pieces
 15749 | D:11     | You fall into a shaft and drop 3 floors!
 15808 | D:14     | Noticed a tengu warrior
 15810 | D:14     | Noticed a centaur warrior
 15855 | D:14     | Reached XP level 13. HP: 64/106 MP: 21/21
 15856 | D:14     | Banished a centaur warrior
 15856 | D:14     | Reached skill level 1 in Shields
 16328 | D:14     | Noticed an eight-headed hydra
 16330 | D:14     | Banished an eight-headed hydra
 16490 | D:13     | Noticed Snorg
 16490 | D:13     | Noticed a centaur warrior
 17483 | D:14     | Found a shimmering altar of Xom.
 17668 | D:14     | Reached skill level 5 in Shields
 17870 | D:13     | Noticed a five-headed hydra
 17871 | D:13     | Banished a five-headed hydra
 17898 | D:13     | Noticed a centaur warrior
 17900 | D:13     | Banished a centaur warrior
 18185 | D:13     | Found a gate to the Vaults.
 18185 | D:13     | Noticed a vault guard
 18185 | D:13     | Noticed a vault guard
 18185 | D:13     | Noticed a vault guard
 18185 | D:13     | Noticed a vault guard
 18185 | D:13     | Noticed a vault guard
 18185 | D:13     | Noticed a vault guard
 18192 | D:13     | Corrupted D:13
 18192 | D:13     | Noticed a tentacled starspawn
 18195 | D:13     | Noticed a blizzard demon
 18197 | D:13     | Killed a vault guard
 18199 | D:13     | Killed a vault guard
 18204 | D:13     | Killed a vault guard
 18227 | D:13     | Killed a vault guard
 18250 | D:13     | Killed a vault guard
 18250 | D:13     | Killed a vault guard
 18496 | D:13     | Noticed a vault guard
 18501 | D:13     | Banished a vault guard
 18617 | D:13     | Noticed a centaur warrior
 18627 | D:13     | Killed a centaur warrior
 18646 | D:13     | Noticed a vault guard
 18771 | Lair:1   | Entered Level 1 of the Lair of Beasts
 18940 | Lair:1   | Reached XP level 14. HP: 110/116 MP: 23/23
 20737 | Lair:3   | Found a staircase to the Snake Pit.
 21310 | Lair:3   | Found the +8 whip "Snakebite" {curare, rPois}
 21762 | Lair:4   | Reached skill level 1 in Maces & Flails
 23537 | Lair:4   | Found a staircase to the Swamp.
 23917 | Lair:4   | Identified the +1 ring mail "Fetuq" {rElec rC+ Str+2
                  | Slay-3} (You found it on level 4 of the Lair of Beasts)
 24255 | Lair:5   | Reached XP level 15. HP: 94/124 MP: 25/25
 24754 | Lair:5   | Identified the +6 glaive "Telleep" {freeze, Str+4 Int+6}
                  | (You found it on level 5 of the Lair of Beasts)
 24881 | Lair:5   | Noticed Sonja
 24905 | Lair:5   | Killed Sonja
 25202 | Lair:5   | Reached skill level 5 in Maces & Flails
 25489 | Lair:6   | Entered Level 6 of the Lair of Beasts
 25557 | Lair:6   | Found a runed translucent gate.
 25557 | Lair:6   | Found a runed translucent gate.
 25557 | Lair:6   | Found a runed translucent gate.
 25631 | Lair:6   | Noticed kal9871's ghost (journeyman TrFi)
 26422 | Lair:6   | Found a staircase to the Slime Pits.
 27446 | Lair:6   | Reached skill level 10 in Shields
 27575 | Lair:6   | Found a burning altar of Makhleb.
 28411 | Lair:6   | Found a gateway to Hell.
 28747 | D:12     | Found Igyfrem's Weapon Emporium.
 28764 | D:12     | Bought the +8 hunting sling of Hell's Wrath {vorpal, Str+4
                  | Int+2} for 865 gold pieces
 28780 | D:12     | Reached ****** piety under Lugonu
 28987 | D:12     | Reached skill level 1 in Slings
 29738 | D:12     | Killed Snorg
 30446 | D:13     | Noticed Josephine
 30450 | D:13     | Reached XP level 16. HP: 133/133 MP: 26/26
 30468 | D:13     | Killed Josephine
 30792 | D:13     | Noticed Yorgos's ghost (journeyman DsGl)
 30803 | D:13     | Found a runed translucent door.
 31253 | Orc:1    | Entered Level 1 of the Orcish Mines
 31683 | Orc:2    | Entered Level 2 of the Orcish Mines
 32483 | Orc:2    | Found a staircase to the Elven Halls.
 33248 | Orc:2    | Found Vexya's Magic Scroll Emporium.
 33278 | Orc:2    | Found Ixziquq's General Store.
 33840 | Orc:2    | Reached skill level 5 in Slings
 33856 | Orc:2    | Mangled by a sun demon

Illustrated notes

Levels and vault maps discovered:
D:1:      giann_wishing_wells, layout_loops_ring, dk_noncrumbling_2
D:2:      layout_basic, regret_index_temple_of_mockery,
          lemuel_coloured_pillars_altar
D:3:      layout_rooms
D:4:      layout_loops_cross, nemelex_xobeh_ov_fountains_minmay
D:5:      layout_cave_pods, trog_eyes_of_draining, lemuel_flamethrower_2,
          uniq_ijyb, uniq_crazy_yiuf_cottage, uniq_edmund, uniq_sigmund,
          uniq_duvessa
D:6:      layout_layer_cave, minitemple, minmay_guarded_unrand_staff_of_olgreb,
          uniq_blork_the_orc
D:7:      layout_rooms, minmay_temple_entry_crystal_x, basic_altar,
          minmay_lizard_king
D:8:      layout_gridville, minmay_between
D:9:      layout_irregular_city, lemuel_zombie_altar_yredelemnul, basic_altar,
          kennysheep_generic_room_9
D:10:     layout_loops_corners, enter_trove_3
D:11:     cheibrodos_helix_gallery, layout_rooms, due_lair_maze_entry_diamond,
          serial_shops, shop_fountains, st_stairs_10
D:12:     layout_irregular_city, serial_shops, shop
D:13:     layout_rooms, erik_vaults_2, hellmonk_ghost_happy_afterlife,
          uniq_snorg, uniq_josephine
D:14:     layout_long_grid, lemuel_statue_altar, minmay_unpleasant_kobolds
Lair:1:   wander_river, layout_hall_layers, grunt_megastairs_4,
          minmay_lair_oklob_chamber
Lair:2:   minmay_lair_oklob_tunnel, layout_misc_corridors
Lair:3:   minmay_guarded_unrand_snakebite, layout_regular_city,
          minmay_snake_entry_spellcaster
Lair:4:   layout_layer_cave, nicolae_swamp_entry_splash_gauntlet,
          lemuel_fruit_fields
Lair:5:   layout_gridlike, grunt_megastairs_2, uniq_sonja
Lair:6:   evil_forest, layout_hall_layers, minmay_slime_entry_pillars,
          gammafunk_ghost_icy, serial_bayou, serial_bayou_lagoon_a,
          serial_bayou_pond_b, serial_bayou_ford_a, serial_bayou_crossing
Orc:1:    layout_diamond_mine
Orc:2:    pf_orc_diabolical, layout_caves

Skill      XL: |  1  2  3  4  5  6  7  8  9 10 11 12 13 14 15 16 |
---------------+-------------------------------------------------+-----
Long Blades    | 3 4 5 6 7 9 10 11 12 13 14 | 14.2
Fighting       | 4 5 6 7 8 10 11 12 13 14 | 14.8
Armour         | 3 4 5 6 7 9 10 | 10.0
Invocations    | 4 5 7 9 10 12 13 14 | 14.0
Dodging        | 3 |  3.2
Shields        | 6 8 10 11 | 11.6
Maces & Flails | 3 8 |  8.1
Slings         | 2 5 |  5.1

Action                   |  1- 3 |  4- 6 |  7- 9 | 10-12 | 13-15 | 16-18 || total
-------------------------+-------+-------+-------+-------+-------+-------++-------
Melee: Falchion          |    92 |   101 |   352 |   658 |   265 |       ||  1468
       Long sword        |       |    42 |       |       |       |       ||    42
       Great sword       |       |       |       |       |   422 |   375 ||   797
       Whip              |       |       |       |       |   817 |       ||   817
 Fire: Hunting sling     |       |    42 |       |       |    55 |   181 ||   278
Throw: Stone             |       |       |     4 |    14 |     8 |       ||    26
Invok: Depart the Abyss  |     1 |       |       |       |       |       ||     1
       Banish            |       |       |     1 |     4 |    18 |     7 ||    30
       Corrupt           |       |       |       |       |     1 |       ||     1
 Abil: Dig               |       |       |     2 |     3 |    12 |     2 ||    19
Evoke: Wand              |       |       |       |       |     9 |       ||     9
  Use: Scroll            |       |    13 |     1 |    16 |     5 |       ||    35
       Potion            |       |       |       |     1 |       |     1 ||     2
 Stab: Sleeping          |     1 |       |       |       |       |       ||     1
Armor: Leather armour    |    17 |       |       |       |       |       ||    17
       Scale mail        |     6 |     6 |       |       |       |       ||    12
       Chain mail        |       |    50 |   180 |   295 |   612 |   237 ||  1374
Dodge: Dodged            |    60 |   103 |   206 |   375 |   661 |   307 ||  1712
Block: Kite shield       |       |       |       |       |   781 |   389 ||  1170
       Buckler           |       |       |       |       |    21 |       ||    21
       Rpst.: Falchion   |    21 |    22 |    62 |   106 |    40 |       ||   251
       Long sword        |       |    15 |       |       |       |       ||    15
       Great sword       |       |       |       |       |    59 |    62 ||   121

Table legend: (Time is in decaauts)
 A = Elapsed time spent in this place.
 B = Non-inter-level travel time spent in this place.
 C = Inter-level travel time spent in this place.
 D = Time resting spent in this place.
 E = Time spent auto-exploring this place.
 F = Levels seen in this place.
 G = Mean time per level.
                   A        B        C        D        E       F      G
               +--------+--------+--------+--------+--------+-----+--------+
         Total |  33627 |  32475 |   1152 |  11029 |  14231 |  23 | 1462.0 |
       Dungeon |  21151 |  20466 |    685 |   7075 |   9016 |  14 | 1510.8 |
          Lair |   9830 |   9445 |    385 |   2985 |   4496 |   6 | 1638.3 |
  Orcish Mines |   2606 |   2524 |     82 |    968 |    714 |   2 | 1303.0 |
         Abyss |     39 |     39 |      0 |      0 |      4 |   1 |   39.0 |
               +--------+--------+--------+--------+--------+-----+--------+

Top non-repeatable levels by time:
  Lair:6: 2871 daAuts
  Lair:4: 2354 daAuts
    D:14: 2059 daAuts
     D:5: 1899 daAuts
    D:10: 1883 daAuts
     D:9: 1866 daAuts
    D:12: 1855 daAuts
    D:11: 1694 daAuts
  Lair:5: 1627 daAuts
     D:6: 1580 daAuts
     D:1: 1512 daAuts
   Orc:2: 1462 daAuts
    D:13: 1406 daAuts
     D:8: 1335 daAuts
  Lair:3: 1308 daAuts
